 Dungeon Crawl Stone Soup version 0.30.0-11-gf55b779eaf (webtiles) character file.

Game seed: 5524801641600302534

58 hikkokomori the Digger (level 3, -1/29 HPs)
             Began as a Demigod Earth Elementalist on May 17, 2023.
             Slain by a cerulean imp
             ... wielding a +0 spear
             ... summoned by Natasha
              (3 damage)
             ... on level 3 of the Dungeon.
             The game lasted 00:01:48 (1484 turns).

hikkokomori the Digger (Demigod Earth Elementalist) Turns: 1484, Time: 00:01:48

Health: -1/29      AC:  2    Str:  9    XL:     3   Next: 51%
Magic:  0/8        EV: 12    Int: 21    God:
Gold:   50         SH:  0    Dex: 14    Spells: 4/5 levels left

rFire   . . .        (no weapon)
rCold   . . .        (no shield)
rNeg    . . .        a - +0 robe
rPois   .            (no helmet)
rElec   .            (no cloak)
rCorr   .            (no gloves)
SInv    .            (no boots)
Will    .....        (no amulet)
Stlth   ++           (no ring)
HPRegen 0.24/turn    (no ring)
MPRegen 0.11/turn

%: no passive effects
@: no status effects
A: high MP 1, forlorn, divine attributes
a: no special abilities


You were on level 3 of the Dungeon.
You visited 1 branch of the dungeon, and saw 3 of its levels.

You collected 50 gold pieces.

Inventory:

Hand Weapons
 e - a +0 whip of electrocution
 g - a +0 club
Armour
 a - a +0 robe (worn)
Jewellery
 d - a +5 ring of evasion
Scrolls
 c - 4 scrolls of identify {unknown}
 f - a scroll of teleportation {unknown}
Potions
 b - a potion of magic
 h - a potion of curing {unknown}


   Skills:
 + Level 2.1 Fighting
 - Level 1.7 Dodging
 - Level 1.7 Stealth
 - Level 1.7 Spellcasting
 - Level 0.8 Transmutations
 + Level 3.6 Earth Magic


You had 4 spell levels left.
You knew the following spells:

 Your Spells              Type           Power      Damage    Failure   Level
a - Sandblast             Erth           32%        2d9       3%          1

Your spell library contained the following spells:

 Spells                   Type           Power      Damage    Failure   Level
 Passwall                 Tmut/Erth      9%         N/A       9%          2
 Stone Arrow              Conj/Erth      18%        3d8       22%         3
 Tukima's Dance           Hex            1%         N/A       41%         3
 Petrify                  Tmut/Erth      11%        N/A       52%         4
 Passage of Golubria      Tloc           1%         N/A       83%         4
 Yara's Violent Unravell  Hex/Tmut       1%         3d3       98%         5


Dungeon Overview and Level Annotations

Branches:
Dungeon (2/15)

Shops:
D:2 =

Annotations:
D:3 Natasha


Innate Abilities, Weirdness & Mutations

You have an increased reservoir of magic. (+10% MP)
You shall have no god before yourself.
Your divine heritage dramatically boosts your attributes as you level up.


Message History

Your Fighting skill increases to level 2!
The blast of sand misses the bat.
The bat barely misses you.
The blast of sand hits the bat.
You kill the bat!
The blast of sand hits Natasha!
Natasha is severely wounded.
Natasha mumbles some strange words.
The blast of sand hits the rat.
You kill the rat!
Natasha casts a spell.
The blast of sand hits the cerulean imp!
The cerulean imp is almost dead.
The blast of sand hits the cerulean imp!
You kill the cerulean imp!
The cerulean imp disappears in a puff of smoke!
The cerulean imp closely misses you.
The cerulean imp hits you from afar with a +2 spear!
The blast of sand hits the cerulean imp.
The cerulean imp is lightly wounded.
The cerulean imp hits you from afar with a +2 spear.
The blast of sand misses the cerulean imp.
The blast of sand hits Natasha but does no damage.
Natasha is severely wounded.
The cerulean imp hits you from afar with a +2 spear. x2
Natasha wildly gestures.
You feel disoriented.
Natasha casts a spell.
Press: ? - help, v - describe, . - travel
Here: a cerulean imp, wielding a +2 spear (lightly wounded, summoned)
The floor.
Unknown command.
Natasha casts a spell.
The cerulean imp hits you from afar with a +2 spear!
* * * LOW HITPOINT WARNING * * *
There is an open door, spattered with blood here.
You close the door.
A cerulean imp opens the door.
The cerulean imp hits you from afar with a +2 spear.
* * * LOW HITPOINT WARNING * * *
The cerulean imp hits you from afar with a +0 spear.
You die...

#....≈.#.≈....
#...#....≈....
+....≈≈≈≈≈.[.#
#..5h†.†...[.#
#.....†.....#
#.........#
##.55$..###
###'#### #.@.#
#)#.....#.
#######.####....
#..[.......†.#..
#.#####.####...#
##.# #.# # #..#
#.# #.## #.. #
#.########


You could see Natasha and 3 cerulean imps.

Vanquished Creatures
  2 adders
  4 dart slugs
  5 endoplasms
  A hobgoblin (D:2)
  3 jackals (D:3)
  7 ball pythons
  2 bats
  3 goblins
  2 kobolds (D:1)
  4 rats
33 creatures vanquished.

Notes
Turn   | Place    | Note
-------+----------+-------------------------------------------
     0 | D:1      | hikkokomori the Demigod Earth Elementalist began the quest
                  | for the Orb.
     0 | D:1      | Reached XP level 1. HP: 14/14 MP: 5/5
   386 | D:1      | Reached skill level 3 in Earth Magic
   431 | D:1      | Reached skill level 1 in Fighting
   505 | D:1      | Reached XP level 2. HP: 23/23 MP: 2/7
  1085 | D:2      | Found Lucrar's Jewellery Emporium.
  1153 | D:2      | Reached XP level 3. HP: 18/29 MP: 3/8
  1376 | D:2      | You fall into a shaft and drop 1 floor!
  1470 | D:3      | Noticed Natasha
  1484 | D:3      | Slain by a cerulean imp

Illustrated notes

Levels and vault maps discovered:
D:1:      lemuel_arrival_tunnels, layout_loops_ring, kennysheep_doodads
D:2:      layout_loops_ring, serial_shops, shop, uniq_sigmund
D:3:      layout_loops_ring, kennysheep_potato, uniq_natasha

Skill      XL: |  1  2  3 |
---------------+----------+-----
Earth Magic    | 3 |  3.6
Fighting       | 1 2 |  2.1
Dodging        | |  1.7
Stealth        | |  1.7
Spellcasting   | |  1.7
Transmutations | |  0.8

Action                     || total
---------------------------++-------
   Cast: Sandblast         ||    49
 Armour: Robe              ||     2
  Dodge: Dodged            ||    13
